 Dungeon Crawl Stone Soup version 0.28.0-49-g6dfe1f597d (webtiles) character file.

Game seed: 11275375331166313964

225 Cral the Magician (level 5, -2/28 HPs)
             Began as a Deep Elf Fire Elementalist on May 18, 2022.
             Slain by an adder (4 damage)
             ... on level 4 of the Dungeon.
             The game lasted 00:03:49 (3544 turns).

Cral the Magician (Deep Elf Fire Elementalist)      Turns: 3544, Time: 00:03:50

Health: -2/28      AC:  2    Str:  5    XL:     5   Next: 68%
Magic:  7/14       EV: 12    Int: 22    God:
Gold:   89         SH:  0    Dex: 15    Spells: 4/14 levels left

rFire   . . .      SeeInvis .   (no weapon)
rCold   . . .      Faith    .   (no shield)
rNeg    . . .      Spirit   .   a - +0 robe
rPois   .          Reflect  .   (no helmet)
rElec   .          Harm     .   f - scarf {+Inv}
rCorr   .          Rampage  .   (no gloves)
Will    .....                   (no boots)
Stlth   ++........              (no amulet)
HPRegen 0.09/turn               (no ring)
MPRegen 0.14/turn               (no ring)

@: no status effects
A: no striking features
a: Evoke Invisibility


You were on level 4 of the Dungeon.
You visited 1 branch of the dungeon, and saw 4 of its levels.

You collected 89 gold pieces.

Inventory:

Armour
 a - a +0 robe (worn)
 f - a scarf of invisibility (worn)
Scrolls
 e - 2 scrolls of vulnerability {unknown}
 i - a scroll of magic mapping {unknown}
 j - 3 scrolls of identify {unknown}
 k - a scroll of amnesia {unknown}
Potions
 b - 3 potions of curing {unknown}
 c - a potion of lignification {unknown}
 d - a potion of degeneration {unknown}
 g - a potion of flight {unknown}
 h - 2 potions of might {unknown}


   Skills:
 - Level 2.4 Dodging
 - Level 2.4 Stealth
 + Level 5.2 Spellcasting
 + Level 3.6 Conjurations
 + Level 4.9 Fire Magic


You had 4 spell levels left.
You knew the following spells:

 Your Spells              Type           Power      Damage    Failure   Level
a - Foxfire               Conj/Fire      96%        2x1d8     1%          1
b - Scorch                Fire           54%        2d8       1%          2
c - Conjure Flame         Conj/Fire      24%        6-21      4%          3
d - Flame Wave            Conj/Fire      24%        2d7       17%         4

Your spell library contained the following spells:

 Spells                   Type           Power      Damage    Failure   Level
 Inner Flame              Hex/Fire       16%        N/A       11%         3


Dungeon Overview and Level Annotations

Branches:
Dungeon (4/15)
 Temple: D:4-7

Altars:


Message History

The crimson imp disappears in a puff of smoke!
The flame wave engulfs the gnoll but does no damage.
You finish channelling waves of flame.
Unknown command.
Unknown command.
Things that are here:
a +0 dagger; a goblin skeleton An adder comes into view.
The adder bites you.
You are poisoned.
The adder poisons you!
Things that are here:
a +0 dagger; a goblin skeleton You feel sick.
You feel sick.
Things that are here:
a +0 hunting sling; a +0 club; 19 stones You feel sick.
You see here a +0 club.
You feel sick. The adder bites you but does no damage.
You feel sick.
You are no longer poisoned.
The adder bites you.
You are poisoned.
The adder poisons you!
Unknown command.
You feel sick.
You feel sick.
You feel sick.
There is a stone staircase leading down here.
You feel sick. The adder barely misses you. x2
You climb downwards.
You feel sick.
You are no longer poisoned.
Found a scroll labelled ONTEQO IVACW.
There is a stone staircase leading up here.
The bullfrog croaks.
The hound barks!
The bullfrog hits you.
* * * LOW HITPOINT WARNING * * *
The adder bites you.
You die...

#. .# .# h
.# ?#
.#....#
...#..#
##.....#
......#
.##.###....#
.......@F..#
........S###
#####.####
#. . .# ##


You could see a bullfrog, a hound and an adder.

Vanquished Creatures
  An ogre (D:3)
  Natasha (twice) (D:3)
  A gnoll (D:1)
  An adder (D:2)
  A worm (D:2)
  3 dart slugs
  5 bats
  4 endoplasms
  3 giant cockroaches
  12 goblins
  3 hobgoblins (D:1)
  5 jackals (D:1)
  8 kobolds
  2 quokkas (D:1)
  5 ball pythons
  2 frilled lizards
  9 rats
67 creatures vanquished.

Vanquished Creatures (collateral kills)
  17 foxfires (D:1)
17 creatures vanquished.

Vanquished Creatures (others)
  225 foxfires
225 creatures vanquished.

Grand Total: 309 creatures vanquished

Notes
Turn   | Place    | Note
-------+----------+-------------------------------------------
     0 | D:1      | Cral the Deep Elf Fire Elementalist began the quest for the
                  | Orb.
     0 | D:1      | Reached XP level 1. HP: 10/10 MP: 6/6
   306 | D:1      | Reached XP level 2. HP: 15/15 MP: 5/8
   460 | D:1      | Found a faded altar of an unknown god.
  1199 | D:1      | Reached XP level 3. HP: 19/19 MP: 5/10
  2081 | D:2      | Reached skill level 4 in Spellcasting
  2339 | D:2      | Learned a level 2 spell: Scorch
  2422 | D:2      | Reached XP level 4. HP: 24/24 MP: 9/12
  2542 | D:2      | Learned a level 3 spell: Conjure Flame
  2547 | D:2      | Learned a level 4 spell: Flame Wave
  3055 | D:3      | Noticed Natasha
  3060 | D:3      | Killed Natasha
  3337 | D:3      | Noticed an ogre
  3347 | D:3      | Killed an ogre
  3348 | D:3      | Reached skill level 5 in Spellcasting
  3348 | D:3      | Reached XP level 5. HP: 28/28 MP: 4/14
  3485 | D:3      | Noticed Natasha
  3528 | D:3      | Killed Natasha
  3544 | D:4      | Slain by an adder

Illustrated notes

Levels and vault maps discovered:
D:1:      dpeg_arrival_pond, layout_loops_cross,
          hellmonk_ecumenical_altar_inner_sanctum, minivault_5,
          minmay_hedge_maze
D:2:      layout_loops_cross, minmay_strange_pillars
D:3:      layout_basic, minivault_4, minmay_misc_feat_encased, hex_tiny,
          minmay_ogre_servants, uniq_grinder, uniq_natasha
D:4:      minmay_evil_eye, layout_loops_ring, nicolae_overflow_crystal_walls,
          uniq_eustachio, uniq_blork_the_orc

Skill      XL: |  1  2  3  4 |
---------------+-------------+-----
Conjurations   | 2 3 |  3.6
Spellcasting   | 4 5 |  5.2
Fire Magic     | 4 |  4.9
Dodging        | |  2.4
Stealth        | |  2.4

Action                   |  1- 3 |  4- 6 || total
-------------------------+-------+-------++-------
Melee: Unarmed           |       |     1 ||     1
 Cast: Foxfire           |   126 |    26 ||   152
       Scorch            |     2 |    16 ||    18
       Conjure Flame     |       |     2 ||     2
       Flame Wave        |       |     1 ||     1
Armor: Robe              |     4 |     3 ||     7
Dodge: Dodged            |    13 |    11 ||    24
